 Dungeon Crawl Stone Soup version 0.18.1-8-gdd0e5ea (webtiles) character file.

5349 M4edhros the Quickloader (level 10, -2/77 HPs)
             Began as a Formicid Hunter on June 3, 2016.
             Was a Believer of Dithmenos.
             Hit by a large rock thrown by a cyclops (27 damage)
             ... on level 11 of the Dungeon on June 4, 2016.
             The game lasted 00:26:19 (10397 turns).

M4edhros the Quickloader (Formicid Hunter)         Turns: 10397, Time: 00:26:20

Health: -2/77      AC: 11    Str: 21    XL:     10   Next: 96%
Magic:  0/10       EV: 14    Int: 12    God:    Dithmenos [**....]
Gold:   601        SH:  5    Dex: 14    Spells: 1 memorised, 5 levels left

rFire  . . .     SeeInvis +     G - +2 quarterstaff (protect)
rCold  . . .     Gourm    .     T - +0 leather armour {rPois}
rNeg   . . .     Faith    .     E - +0 buckler
rPois  +         Spirit   +     (helmet unavailable)
rElec  .         Dismiss  .     k - +0 cloak
rCorr  .         Reflect  .     (no gloves)
SustAt .         Harm     .     C - +1 pair of boots
MR     ++...                    g - amulet of guardian spirit
Stlth  ++........               t - ring of wizardry
                                Q - ring of wizardry

@: mighty, wreathed by umbra, very resistant to hostile enchantments, unstealthy
A: permanent stasis, dig shafts and tunnels, four strong arms, antennae 3, claws
2, magic resistance 1
a: Dig, Shaft Self, Shadow Step, Renounce Religion


You were on level 11 of the Dungeon.
You worshipped Dithmenos.
Dithmenos was pleased with you.
You were hungry.

You visited 2 branches of the dungeon, and saw 12 of its levels.
You also visited: Sewer and Bailey.

You collected 647 gold pieces.
You spent 46 gold pieces at shops.

Inventory:

Hand Weapons
 a - a +1 hand crossbow
 u - a +0 short sword of electrocution
 G - a +2 quarterstaff of protection (weapon)
 H - a +0 glaive
 U - the +12 broad axe "Laumolom" {flame, rC+ Int+2}
   (You found it in a bailey)

   It has been specially enchanted to burn those struck by it, causing extra
   injury to most foes and up to half again as much damage against particularly
   susceptible opponents.
   Big, fiery blades are also staple armaments of hydra-hunters.
   It affects your intelligence (+2).
   It protects you from cold.
   Dithmenos disapproves of the use of such an item.
Missiles
 d - 107 bolts
 D - 29 tomahawks of returning
 X - 14 javelins (quivered)
Armour
 c - a +0 leather armour
 k - a +0 cloak (worn)
 l - a +0 plate armour
 C - a +1 pair of boots (worn)
 E - a +0 buckler (worn)
 T - a +0 leather armour of poison resistance (worn)
 Y - a +0 large shield
Jewellery
 g - an amulet of guardian spirit (around neck)
 q - an uncursed ring of protection from magic
 t - a ring of wizardry (right claw)
 w - an uncursed ring of stealth
 y - an uncursed amulet of dismissal
 K - an uncursed ring of protection from fire
 N - a +3 ring of intelligence
 O - an uncursed ring of stealth
 Q - a ring of wizardry (left claw)
 R - a +2 ring of protection
 W - a +3 ring of strength {unknown}
Wands
 L - a wand of enslavement (11/24)
Scrolls
 e - a scroll of random uselessness
 m - 2 scrolls of amnesia
 n - 2 scrolls of remove curse
 p - 3 scrolls of blinking
 r - 6 scrolls of teleportation
 s - 2 scrolls of fog
 x - a scroll of fear
 B - 2 scrolls of enchant weapon
 M - 2 scrolls of immolation
Potions
 b - a potion of resistance
 o - a potion of ambrosia
 v - a potion of agility
 z - a potion of might
 F - 2 potions of invisibility
 J - a potion of cancellation
 P - a potion of brilliance
Books
 i - a book of Party Tricks

   Spells                             Type                      Level
   a - Summon Butterflies             Summoning                    1
   b - Apportation                    Translocation                1
   c - Tukima's Dance                 Hexes                        3
   d - Alistair's Intoxication        Transmutation/Poison         5
   e - Invisibility                   Hexes                        6
 I - a book of the Dragon

   Spells                             Type                      Level
   a - Flame Tongue                   Conjuration/Fire             1
   b - Cause Fear                     Hexes                        4
   c - Bolt of Fire                   Conjuration/Fire             6
   d - Dragon Form                    Transmutation                7
   e - Dragon's Call                  Summoning                    9
 S - a book of Power

   Spells                             Type                      Level
   a - Fulminant Prism                Conjuration/Hexes            4
   b - Iskenderun's Mystic Blast      Conjuration                  4
   c - Venom Bolt                     Conjuration/Poison           5
   d - Bolt of Magma                  Conjuration/Fire/Earth       5
   e - Iron Shot                      Conjuration/Earth            6
   f - Orb of Destruction             Conjuration                  7
   g - Spellforged Servitor           Conjuration/Summoning        7
Miscellaneous
 h - a phial of floods (inert)
Comestibles
 f - 9 bread rations
 j - a slice of pizza
 A - 8 beef jerkies
 V - 8 royal jellies


   Skills:
 - Level 6.6 Fighting
 * Level 4.9(5.5) Polearms
 - Level 3.8(5.0) Staves
 - Level 10.4 Crossbows
 - Level 4.3 Dodging
 - Level 1.2 Stealth
 - Level 6.3 Shields
 - Level 4.2 Conjurations


You had 5 spell levels left.
You knew the following spells:

 Your Spells              Type           Power        Failure   Level  Hunger
a - Iskenderun's Mystic   Conj           ##......     28%         4    #####..


Dungeon Overview and Level Annotations

Branches:
Dungeon (11/15)            Temple (1/1) D:5             Orc (0/2) D:10
   Lair: D:8-11

Altars:
Ashenzari
Cheibriados
Dithmenos
Elyvilon
Fedhas
Gozag
Kikubaaqudgha
Makhleb
Nemelex Xobeh
Okawaru
Pakellas
Qazlal
Sif Muna
Trog
Vehumet
Xom
Zin
The Shining One

Shops:
D:4 [   D:10 (

Annotations:
D:6 Prince Ribbit
D:10 Liquid's ghost, novice HuFi


Innate Abilities, Weirdness & Mutations

You are under a permanent stasis effect.
You can dig through walls and to a lower floor.
Your four strong arms can wield two-handed weapons with a shield.
You have a pair of large antennae on your head (SInv).
You have very sharp fingernails.
You are resistant to hostile enchantments.


Message History

The howler monkey barely misses you.
The howler monkey bites you but does no damage.
The hill giant hits you with a giant club.
The skeletal warrior hits you with a mace.
The howler monkey hits you but does no damage.
The howler monkey closely misses you.
You sock the hill giant!
The hill giant is almost dead.
The hill giant hits you with a giant club!!
* * * LOW HITPOINT WARNING * * *
The howler monkey closely misses you. x2
Unknown command.
The howler monkey closely misses you.
The howler monkey bites you but does no damage.
A cyclops comes into view.
Drink which item? (? for menu, Esc to quit)
Okay, then.
The howler monkey hoots and howls with incredible vigour!
The cyclops throws a large rock.
The large rock hits you!!
You die...

#.......# #..
#.......# #..
#.......# {
#.. #..{....#
#.. #.......#
#.. #.......#
#.. #.......#
#..#####..#
#..@..hz..#
#....Cz...#
#.........#
#...<.....#
#.T.......#
#.........#
#.........#
#.....C...#
............#


You could see 2 skeletal warriors, a hill giant, a cyclops, a troll and a howler
monkey.

Vanquished Creatures
  Joseph (D:7)
  Psyche (D:9)
  2 hungry ghosts (D:8)
  2 yaks (D:10)
  A hippogriff (D:7)
  The ghost of roberto the Slasher, an amateur DsAK of Lugonu (D:3)
  Edmund (D:5)
  6 soldier ants
  Duvessa (D:4)
  A water moccasin (D:6)
  A black bear (D:8)
  4 orc warriors
  An ice beast (D:5)
  A wasp (D:8)
  3 ogres
  2 crocodiles
  A centaur (D:5)
  A big kobold (Sewer)
  3 giant frogs
  A gnoll sergeant (D:8)
  Dowan (D:4)
  2 jellies
  A howler monkey (D:6)
  A giant frog zombie (D:7)
  A crimson imp (D:10)
  4 hounds
  3 orc priests
  A centaur skeleton (D:7)
  2 iguanas
  4 orc wizards
  12 worker ants
  2 hound skeletons
  A howler monkey skeleton (D:5)
  2 river rats (Sewer)
  6 adders
  11 gnolls
  An adder skeleton (D:9)
  2 worms
  11 giant geckos
  16 orcs
  A ball python (D:2)
  2 bats
  12 giant cockroaches
  15 goblins
  9 hobgoblins
  4 jackals
  24 kobolds
  3 quokkas
  2 giant newts
  13 rats
204 creatures vanquished.

Vanquished Creatures (collateral kills)
  2 orc warriors (Bailey)
  An orc wizard (D:8)
  An orc priest (D:8)
  An orc (D:8)
5 creatures vanquished.

Vanquished Creatures (others)
  A scorpion (D:7)
1 creature vanquished.

Grand Total: 210 creatures vanquished

Notes
Turn   | Place    | Note
--------------------------------------------------------------
     0 | D:1      | M4edhros the Formicid Hunter began the quest for the Orb.
     0 | D:1      | Reached XP level 1. HP: 16/16 MP: 1/1
   179 | D:1      | Reached XP level 2. HP: 22/22 MP: 2/2
   796 | D:2      | Reached XP level 3. HP: 26/27 MP: 3/3
   798 | D:2      | Reached skill level 5 in Crossbows
   801 | D:2      | Found an opulent altar of Gozag.
   803 | D:2      | Found a sparkling altar of Nemelex Xobeh.
   942 | D:2      | Reached XP level 4. HP: 30/33 MP: 4/4
  1653 | D:3      | Reached XP level 5. HP: 38/38 MP: 5/5
  1675 | D:3      | Found a shattered altar of Ashenzari.
  1696 | D:3      | Reached skill level 6 in Crossbows
  1985 | D:3      | Noticed roberto's ghost (amateur DsAK)
  2000 | D:3      | Killed roberto's ghost
  2000 | D:3      | Reached skill level 7 in Crossbows
  2000 | D:3      | Reached XP level 6. HP: 29/44 MP: 4/6
  2068 | D:3      | Found a deep blue altar of Sif Muna.
  2174 | D:3      | Found a glowing drain.
  2198 | Sewer    | Entered a sewer
  2304 | Sewer    | Reached XP level 7. HP: 49/50 MP: 7/7
  2384 | Sewer    | Found a white marble altar of Elyvilon.
  2953 | D:1      | Reached skill level 8 in Crossbows
  3035 | D:4      | Noticed Duvessa
  3035 | D:4      | Noticed Dowan
  3055 | D:4      | Killed Duvessa
  3078 | D:4      | Killed Dowan
  3266 | D:4      | Found Lointiph's Antique Armour Shoppe.
  3306 | D:4      | Reached skill level 9 in Crossbows
  3373 | D:4      | Reached XP level 8. HP: 20/56 MP: 5/8
  3495 | D:4      | Found a blossoming altar of Fedhas.
  3516 | D:4      | Found a snail-covered altar of Cheibriados.
  3710 | D:5      | Entered Level 5 of the Dungeon
  3710 | D:5      | Found an ancient bone altar of Kikubaaqudgha.
  3710 | D:5      | Found a bloodstained altar of Trog.
  3721 | D:5      | Found an oddly glowing altar of Pakellas.
  3750 | D:5      | Found an iron altar of Okawaru.
  3781 | D:5      | Noticed Edmund
  3822 | D:5      | Killed Edmund
  4175 | D:5      | Found a staircase to the Ecumenical Temple.
  4187 | Temple   | Entered the Ecumenical Temple
  4395 | Temple   | Became a worshipper of Dithmenos the Shadowed
  4672 | D:5      | Gained mutation: You are resistant to hostile enchantments. [potion of mutation]
  4672 | D:5      | Gained mutation: You have sharp fingernails. [potion of mutation]
  4672 | D:5      | Gained mutation: You have very sharp fingernails. [potion of mutation]
  4703 | D:5      | Found an iron altar of Okawaru.
  4735 | D:5      | Reached skill level 1 in Polearms
  4735 | D:5      | Reached skill level 10 in Crossbows
  5306 | D:6      | Reached XP level 9. HP: 52/65 MP: 7/9
  5338 | D:6      | Found a bloodstained altar of Trog.
  5426 | D:6      | Noticed Prince Ribbit
  5886 | D:7      | Reached * piety under Dithmenos
  6083 | D:7      | Noticed Joseph
  6189 | D:7      | Killed Joseph
  6189 | D:7      | Reached skill level 5 in Fighting
  6632 | D:7      | i got so many rings great for octopode its a shame im not an octopode
  6689 | D:8      | Learned a level 4 spell: Iskenderun's Mystic Blast
  6773 | D:4      | Bought a glowing leather armour for 46 gold pieces
  6940 | D:8      | Reached skill level 1 in Shields
  7005 | D:8      | Reached skill level 1 in Conjurations
  7043 | D:8      | Reached skill level 1 in Staves
  7043 | D:8      | Reached XP level 10. HP: 25/74 MP: 6/10
  8708 | D:9      | Noticed Psyche
  8725 | D:9      | Killed Psyche
  8725 | D:9      | Reached skill level 5 in Shields
  9436 | D:9      | Reached ** piety under Dithmenos
  9440 | D:9      | Noticed a queen ant
  9455 | D:9      | You fall through a shaft!
  9455 | D:10     | Entered Level 10 of the Dungeon
  9464 | D:10     | Noticed Liquid's ghost (novice HuFi)
  9482 | D:10     | Found Teahucw's Antique Weapon Boutique.
  9490 | D:10     | You fall through a shaft!
  9490 | D:11     | Noticed a hill giant
  9654 | D:10     | Found a staircase to the Orcish Mines.
  9676 | D:10     | Found a flagged portal.
  9856 | Bailey   | Entered a bailey
 10110 | Bailey   | Found a burning altar of Makhleb.
 10167 | Bailey   | Got a crude broad axe
 10168 | Bailey   | Identified the +12 broad axe "Laumolom" {flame, rC+ Int+2} (You found it in a bailey)
 10382 | D:11     | Noticed a skeletal warrior
 10389 | D:11     | Noticed a skeletal warrior
 10394 | D:11     | Noticed a cyclops
 10397 | D:11     | Hit by a large rock thrown by a cyclops

Skill      XL: |  1  2  3  4  5  6  7  8  9 10 |
---------------+-------------------------------+-----
Crossbows      | 5 7 9 10 | 10.4
Dodging        | 3 4 |  4.3
Fighting       | 3 5 6 |  6.6
Polearms       | 2 4 |  4.9
Shields        | 2 6 |  6.3
Conjurations   | 1 4 |  4.2
Staves         | 1 3 |  3.8
Stealth        | |  1.2

Action                   |  1- 3 |  4- 6 |  7- 9 | 10-12 || total
-------------------------+-------+-------+-------+-------++-------
Melee: Short sword       |       |   137 |   222 |    29 ||   388
       Glaive            |       |       |    54 |       ||    54
       Unarmed           |       |       |   121 |       ||   121
       Quarterstaff      |       |       |    44 |   171 ||   215
 Fire: Hand crossbow     |    38 |    49 |    70 |   134 ||   291
 Cast: Iskenderun's Myst |       |       |       |     1 ||     1
 Abil: Dig               |       |       |     2 |     1 ||     3
       Shaft Self        |       |       |       |     2 ||     2
Evoke: Wand              |       |       |     2 |       ||     2
       Phial of floods   |       |       |       |     1 ||     1
  Use: Potion            |       |     1 |    15 |     3 ||    19
       Scroll            |       |       |    13 |     4 ||    17
 Stab: Distracted        |       |       |       |     1 ||     1
       Sleeping          |       |       |       |     1 ||     1
  Eat: Meat ration       |       |     1 |     2 |     3 ||     6
       Bread ration      |       |       |     1 |       ||     1
       Chunk             |       |       |       |    11 ||    11
       Royal jelly       |       |       |       |     1 ||     1
Armor: Leather armour    |     1 |       |    20 |    64 ||    85
       Plate armour      |     9 |   148 |   328 |       ||   485
       Skin              |       |       |    42 |       ||    42
Dodge: Dodged            |     7 |    36 |   126 |   232 ||   401
Block: Buckler           |       |       |    53 |    82 ||   135
